cohdb
Replays
Latest Replays
All Replays
Popular Replays
Top Player Replays
Match Explorer
How It Works
Community
CoH3 Stats
Reddit
Sign in to upload your games and track your stats! →
Sign in with Steam
Match 43015489
Unlisted
Match 43015489
Overview
Messages
Build Orders
End
Construct Barracks
Scout Squad
1⁄4-ton 4x4 Truck
Selects Heavy Weapons
Riflemen Squad
Engineer Squad
Riflemen Squad
Grenade Package
Construct Weapon Support Center
Selects Assault Carriers
Bazooka Squad
Improved M9 Bazooka Rockets
.30 cal Machine Gun
Mechanized Support Center
M3 Assault Carrier
M3 Assault Carrier
Construct Medical Station
Bazooka Squad
Construct Motor Pool
M1 Anti-tank Gun Team
M3 75 mm Gun Motor Carriage
Riflemen Squad
M1919 Machine Gun Team
Selects Exchangeable Parts
Selects M26 Pershing Heavy Tank
Engineer Squad
Designate Forward Repair Station
.30 cal Machine Gun
Designate Forward Repair Station
M26 Pershing Heavy Tank
Riflemen Squad
Riflemen Squad
matrix4x4
이재모피자대기표도둑
0
0
Comments
sign in to comment!
No comments posted yet!